 Dungeon Crawl Stone Soup version 0.24.1 (webtiles) character file.

Game seed: 2371886758389854890, levelgen mode: deterministic

15463 Peloso the Blocker (level 12, -3/105 HPs)
             Began as a Minotaur Fighter on Apr 3, 2020.
             Was a High Priest of Okawaru.
             Slain by a shadow (20 damage)
             ... on level 11 of the Dungeon.
             The game lasted 00:43:56 (16310 turns).

Peloso the Blocker (Minotaur Fighter)              Turns: 16310, Time: 00:43:57

Health: -3/105     AC: 14    Str: 24    XL:     12   Next: 1%
Magic:  11/12      EV:  8    Int:  5    God:    Okawaru [*****.]
Gold:   790        SH: 14    Dex: 12    Spells: 11/11 levels left

rFire    . . .     SeeInvis .   a - +3 demon blade (pain)
rCold    . . .     Gourm    +   c - +0 shield
rNeg     . . .     Faith    .   d - +0 plate armour
rPois    .         Spirit   .   (helmet restricted)
rElec    .         Reflect  .   (no cloak)
rCorr    .         Harm     .   (no gloves)
MR       +....                  (no boots)
Stlth    ..........             D - amulet of the gourmand
HPRegen  0.27/turn              m - ring of protection from magic
MPRegen  0.13/turn              (no ring)

@: hasted, very quick
A: retaliatory headbutt, horns 2
a: Heroism, Finesse, Renounce Religion


You were on level 11 of the Dungeon.
You worshipped Okawaru.
Okawaru was extremely pleased with you.
You were completely stuffed.

You visited 3 branches of the dungeon, and saw 14 of its levels.
You also visited: Bailey.

You collected 790 gold pieces.

Inventory:

Hand Weapons
 a - a +3 demon blade of pain (weapon)
 b - the +10 spear of Supply {pierce, *Rage MR+ Int+3 Stlth+}
   (You found it on level 11 of the Dungeon)

   It inflicts extra damage upon your enemies.
   It affects your intelligence (+3).
   It affects your resistance to hostile enchantments.
   It may make you go berserk in combat.
   It makes you more stealthy.
Missiles
 e - 63 bolts
Armour
 c - a +0 shield (worn)
 d - a +0 plate armour (worn)
Jewellery
 l - a +3 ring of strength {unknown}
 m - a ring of protection from magic (left hand)
 s - an uncursed ring of protection from cold
 w - a +2 ring of dexterity
 x - an uncursed ring of positive energy
 D - an amulet of the gourmand (around neck)
Wands
 i - a wand of disintegration (10)
 K - a wand of acid (9)
Scrolls
 g - 7 scrolls of teleportation
 k - a scroll of enchant armour {unknown}
 r - a scroll of fear
 y - 2 scrolls of remove curse
 B - 2 scrolls of blinking
 L - a scroll of noise {unknown}
 M - a scroll of vulnerability {unknown}
Potions
 j - 3 potions of flight
 q - a potion of invisibility
 t - 2 potions of curing
 I - a potion of cancellation
Comestibles
 f - 20 rations
 h - 7 chunks of flesh


   Skills:
 + Level 9.6 Fighting
 + Level 13.2 Long Blades
 + Level 10.8 Armour
 + Level 2.7 Dodging
 + Level 1.8 Stealth
 + Level 14.6 Shields
 + Level 0.9 Invocations
 + Level 1.7 Evocations


You had 11 spell levels left.
You didn't know any spells.
Your spell library was empty.

Dungeon Overview and Level Annotations

Branches:
Dungeon (11/15)            Temple (1/1) D:7            Lair (2/6) D:10
 Bailey (visited)
  Swamp: Lair:2-4    Shoals: Lair:2-4     Snake: Lair:2-4    Spider: Lair:2-4
    Orc: D:9-12

Altars:
Ashenzari
Cheibriados
Dithmenos
Elyvilon
Fedhas
Gozag
Hepliaklqana
Kikubaaqudgha
Makhleb
Nemelex Xobeh
Okawaru
Qazlal
Ru
Sif Muna
Trog
Uskayaw
Vehumet
Wu Jian
Xom
Yredelemnul
Zin
The Shining One

Shops:
D:6 [   D:11 :

Annotations:
Lair:2 Fannar


Innate Abilities, Weirdness & Mutations

You reflexively headbutt those who attack you in melee.
You have a pair of horns on your head.


Message History

Your experience leads to an increase in your attributes!
Increase (S)trength, (I)ntelligence, or (D)exterity?
You feel stronger.
You feel agile.
You start resting.
You feel like a meek peon again.
A shadow comes into view.
A shadow is nearby!
A shadow is nearby!
A shadow is nearby!
A shadow is nearby!
Some of the chunks of flesh in your inventory have rotted away.
The shadow slips into darkness.
The shadow flickers and vanishes!
Deactivating autopickup; reactivate with Ctrl-A.
Found a scroll of enchant weapon.
The shadow strikes at you from the darkness!
You slash something! You slash something! You headbutt something.
The shadow strikes at you from the darkness!
You die...

#........≈≈≈≈...≈.......
##########........≈≈.............
Y.Y....†...........≈.............
##########.......................
####.........≈.......≈≈.
#.........≈.....≈≈≈≈.
#....≈≈..≈≈≈÷...≈≈≈≈.
#........≈≈≈≈...≈≈≈≈.
#...@≈...≈≈≈≈...≈≈≈≈.
##..{≈≈..≈≈≈.[..≈≈...
#....≈..≈≈......≈...
#......?.≈..........
...........≈.........
....=.$..............
.?...###....########†. .....#
#....# #.. #.... #..


There were no monsters in sight!

Vanquished Creatures
  2 hydras (D:11)
  A two-headed ogre (D:9)
  Joseph (D:8)
  A spiny frog (Lair:2)
  A merfolk (D:9)
  3 trolls
  A hornet (D:8)
  A slime creature (D:8)
  Sigmund (D:5)
  A vampire (D:8)
  21 yaks
  A hungry ghost (D:9)
  2 porcupines
  2 sky beasts
  3 water moccasins
  14 orc warriors
  A necrophage (D:9)
  A phantom (D:8)
  10 centaurs
  5 ice beasts
  6 ogres
  7 crocodiles
  A big kobold (D:8)
  9 bullfrogs
  A wyvern skeleton (D:8)
  4 scorpions
  4 wights (D:7)
  16 killer bees
  4 howler monkeys
  7 jellies
  9 electric eels
  A quasit (D:8)
  A centaur zombie (D:6)
  3 bullfrog zombies
  4 orc priests
  A centaur skeleton (D:10)
  4 hounds
  3 iguanas
  8 orc wizards
  11 worker ants
  2 hound zombies
  2 hound skeletons (D:4)
  Robin (D:3)
  2 worker ant zombies
  5 adders
  3 gnolls (D:7)
  A river rat (D:3)
  2 shadow imps
  2 worms
  A dart slug (D:4)
  4 leopard geckos
  44 orcs
  8 giant cockroaches
  13 goblins
  9 hobgoblins
  16 jackals
  10 kobolds
  4 quokkas
  3 ball pythons (D:3)
  6 bats
  6 frilled lizards
  A leopard gecko zombie (D:9)
  2 rats
324 creatures vanquished.

Vanquished Creatures (others)
  14 fungi (D:10)
  3 plants
17 creatures vanquished.

Grand Total: 341 creatures vanquished

Notes
Turn   | Place    | Note
-------+----------+-------------------------------------------
     0 | D:1      | Peloso the Minotaur Fighter began the quest for the Orb.
     0 | D:1      | Reached XP level 1. HP: 19/19 MP: 0/0
   139 | D:1      | Reached skill level 4 in Shields
   139 | D:1      | Reached XP level 2. HP: 16/27 MP: 1/1
   699 | D:2      | Noticed an orc warrior
   933 | D:2      | Killed an orc warrior
   933 | D:2      | Reached skill level 1 in Dodging
   933 | D:2      | Reached XP level 3. HP: 8/33 MP: 2/2
   933 | D:2      | Reached XP level 4. HP: 9/40 MP: 3/3
  1363 | D:2      | Reached XP level 5. HP: 46/46 MP: 4/4
  1772 | D:3      | Found a blossoming altar of Fedhas.
  1809 | D:3      | Noticed Robin
  1863 | D:3      | Killed Robin
  1906 | D:3      | You fall into a shaft and drop 3 floors!
  1920 | D:6      | Reached skill level 5 in Shields
  1974 | D:6      | Reached XP level 6. HP: 45/53 MP: 5/5
  1992 | D:6      | Reached skill level 5 in Long Blades
  2287 | D:5      | Entered Level 5 of the Dungeon
  2296 | D:5      | Found an opulent altar of Gozag.
  2335 | D:4      | Reached skill level 5 in Fighting
  2340 | D:4      | Reached skill level 5 in Armour
  2340 | D:4      | Reached skill level 6 in Shields
  2340 | D:4      | Reached XP level 7. HP: 55/61 MP: 6/6
  2458 | D:3      | You fall into a shaft and drop 3 floors!
  2478 | D:6      | Found a glowing golden altar of the Shining One.
  2673 | D:6      | Found a shimmering altar of Xom.
  2757 | D:6      | Found Daemijeg's Armour Boutique.
  2914 | D:6      | Found a burning altar of Makhleb.
  3188 | D:5      | Noticed Sigmund
  3198 | D:5      | Killed Sigmund
  3198 | D:5      | Reached skill level 7 in Shields
  3198 | D:5      | Reached XP level 8. HP: 47/70 MP: 7/7
  3986 | D:4      | Reached skill level 8 in Shields
  5201 | D:7      | Found a flagged portal.
  5240 | Bailey   | Entered a bailey
  5426 | Bailey   | Reached XP level 9. HP: 57/78 MP: 8/8
  5508 | Bailey   | Reached skill level 9 in Shields
  6808 | Bailey   | Reached skill level 1 in Stealth
  7284 | Bailey   | Reached skill level 1 in Evocations
  7425 | Bailey   | Reached skill level 10 in Shields
  7778 | D:7      | Found a staircase to the Ecumenical Temple.
  7785 | Temple   | Entered the Ecumenical Temple
  7947 | Temple   | Became a worshipper of Warmaster Okawaru
  8182 | D:7      | Reached skill level 10 in Long Blades
  8188 | D:7      | Reached XP level 10. HP: 54/86 MP: 9/9
  8459 | D:7      | Found a shadowy altar of Dithmenos.
  8553 | D:7      | Reached skill level 11 in Shields
  8871 | D:7      | Reached * piety under Okawaru
  9542 | D:8      | Noticed Joseph
  9556 | D:8      | Killed Joseph
  9614 | D:8      | Reached skill level 12 in Shields
 10365 | D:8      | Reached ** piety under Okawaru
 11840 | D:9      | Noticed a two-headed ogre
 11854 | D:9      | Killed a two-headed ogre
 11854 | D:9      | Reached *** piety under Okawaru
 11854 | D:9      | Reached skill level 13 in Shields
 11854 | D:9      | Reached XP level 11. HP: 73/95 MP: 4/11
 12288 | D:10     | Entered Level 10 of the Dungeon
 12675 | D:10     | Reached skill level 10 in Armour
 13029 | D:9      | Reached **** piety under Okawaru
 13506 | D:10     | Found a staircase to the Lair.
 13721 | D:11     | Noticed a five-headed hydra
 13816 | Lair:1   | Entered Level 1 of the Lair of Beasts
 13842 | Lair:1   | Reached skill level 14 in Shields
 15099 | Lair:2   | Noticed Fannar
 15387 | Lair:2   | Identified a scroll of acquirement
 15395 | Lair:2   | Noticed a six-headed hydra
 15759 | D:11     | Killed a 12-headed hydra
 16171 | D:11     | Found Wuddo's Book Emporium.
 16209 | D:11     | Got an iridescent spear
 16222 | D:11     | Identified the +10 spear of Supply {pierce, *Rage MR+ Int+3
                  | Stlth+} (You found it on level 11 of the Dungeon)
 16273 | D:11     | Noticed a four-headed hydra
 16295 | D:11     | Killed a 15-headed hydra
 16295 | D:11     | Reached ***** piety under Okawaru
 16295 | D:11     | Reached XP level 12. HP: 14/105 MP: 10/12
 16310 | D:11     | Slain by a shadow

Levels and vault maps discovered:
D:1:      tarquinn_simple_flora_water_b, layout_loops_ring
D:2:      layout_loops_ring
D:3:      layout_loops_ring, fedhas_altar_3, cheibrodos_sewer_entry_sluice,
          uniq_robin
D:4:      layout_gridville
D:5:      layout_cave_pools, first_ration, minmay_misc_feat_encased,
          hangedman_abyss_or_decor_slice, grunt_gozag_statues, uniq_sigmund
D:6:      layout_basic, lemuel_round_altar, lemuel_coloured_pillars_altar,
          serial_shops, nicolae_shop_waterfront, basic_altar
D:7:      cheibrodos_two_vegetables, layout_cave_pools, marbit_many_paths,
          temple_green, enter_bailey_2
D:8:      minmay_tri_box, layout_loops_ring, uniq_joseph
D:9:      layout_roguey, serial_co_window_serial, co_window_corner_a,
          co_window_corner_a, co_window_corner_a, co_window_paths_a,
          co_window_paths_a, co_window_broadway_c, co_window_broadway_b,
          co_window_2corner, co_window_paths_e, co_window_4corner_a,
          glass_columns_a, hangedman_fish_farm
D:10:     layout_small_grid, due_lair_maze_entry_diamond
D:11:     layout_basic, serial_shops, nicolae_shop_waterfront,
          chequers_serial_rivers_large_a, uniq_sonja
Temple:   dpeg_five_rooms_temple
Lair:1:   layout_hall_layers
Lair:2:   layout_gridlike, dummy_spider_entry, serial_bayou_shore_b,
          grunt_megastairs_5, uniq_fannar

Skill      XL: |  1  2  3  4  5  6  7  8  9 10 11 |
---------------+----------------------------------+-----
Shields        | 4 5 6 7 8 10 13 14 | 14.6
Armour         | 4 5 6 7 9 10 | 10.8
Fighting       | 4 5 6 7 8 9 |  9.6
Long Blades    | 3 4 5 7 8 10 11 13 | 13.2
Dodging        | 1 2 |  2.7
Stealth        | 1 |  1.8
Evocations     | 1 |  1.7
Invocations    | |  0.9

Action                   |  1- 3 |  4- 6 |  7- 9 | 10-12 || total
-------------------------+-------+-------+-------+-------++-------
Melee: Long sword        |    65 |   181 |   442 |   281 ||   969
       Headbutt          |     7 |    32 |   106 |   172 ||   317
       Falchion          |       |       |       |   380 ||   380
       Demon blade       |       |       |       |    68 ||    68
Invok: Heroism           |       |       |       |    11 ||    11
Evoke: Wand              |       |       |    12 |    19 ||    31
  Use: Potion            |     1 |       |     3 |     3 ||     7
       Scroll            |       |     5 |     7 |    12 ||    24
 Stab: Paralysed         |       |       |     7 |       ||     7
  Eat: Chunk             |       |     4 |    19 |    34 ||    57
       Ration            |       |       |       |     2 ||     2
Armor: Scale mail        |    60 |     2 |       |       ||    62
       Plate armour      |       |   126 |   162 |   261 ||   549
Dodge: Dodged            |    31 |    31 |   203 |   166 ||   431
Block: Shield            |    57 |   121 |   313 |   455 ||   946
       Rpst.: Long sword |     7 |     8 |    33 |    21 ||    69
       Falchion          |       |       |       |    17 ||    17
